 Dungeon Crawl Stone Soup version 0.22-a0-866-geee5034 (webtiles) character file.

172 VLARC the Slasher (level 5, 0/42 HPs)
             Began as a Vine Stalker Skald on July 28, 2018.
             Succumbed to Crazy Yiuf's poison
             ... on level 2 of the Dungeon.
             The game lasted 00:02:24 (1537 turns).

VLARC the Slasher (Vine Stalker Skald)              Turns: 1537, Time: 00:02:25

Health: 0/42       AC:  3    Str: 18    XL:     5   Next: 52%
Magic:  11/11      EV: 12    Int: 14    God:
Gold:   96         SH:  0    Dex: 14    Spells: 9/10 levels left

rFire    . . .     SeeInvis .   a - +0 falchion
rCold    + . .     Gourm    .   (no shield)
rNeg     . . .     Faith    .   b - +0 leather armour
rPois    .         Spirit   +   (no helmet)
rElec    .         Reflect  .   (no cloak)
rCorr    .         Harm     .   (no gloves)
MR       .....                  (no boots)
Stlth    ..........             (no amulet)
HPRegen  0.54/turn              f - ring of protection from cold
MPRegen  0.12/turn              (no ring)

@: berserking, lethally poisoned (0 -> -5), drained, very quick
A: fangs 2, regeneration 1, magic shield, antimagic bite, no potion heal 3, rot
immunity
a: no special abilities


You were on level 2 of the Dungeon.
You were not hungry.

You visited 1 branch of the dungeon, and saw 2 of its levels.

You collected 96 gold pieces.

Inventory:

Hand Weapons
 a - a +0 falchion (weapon)
Missiles
 k - 44 stones (quivered)
Armour
 b - a +0 leather armour (worn)
Jewellery
 f - a ring of protection from cold (left hand)
 i - a cursed ring of attention {unknown}
Scrolls
 g - 2 scrolls of teleportation {unknown}
 j - a scroll of immolation {unknown}
 m - 2 scrolls of identify {unknown}
 o - a scroll of magic mapping {unknown}
 p - a scroll of remove curse {unknown}
 q - a scroll of amnesia {unknown}
 s - a scroll of blinking {unknown}
Potions
 c - a potion of ambrosia
 e - a potion of flight {unknown}
 h - a potion of haste {unknown}
 l - 2 potions of curing {unknown}
 r - a potion of lignification {unknown}
Comestibles
 d - 4 rations


   Skills:
 + Level 2.9(2.8) Fighting
 * Level 3.7(3.6) Long Blades
 - Level 0.7(0.6) Armour
 - Level 1.5(1.4) Dodging
 + Level 3.3(3.2) Spellcasting
 - Level 3.0(2.8) Charms


You had 9 spell levels left.
You knew the following spells:

 Your Spells              Type           Power        Failure   Level  Hunger
a - Infusion              Chrm           ##..         8%          1    #......

Your spell library contained the following spells:

 Spells                   Type           Power        Failure   Level  Hunger
 Regeneration             Chrm/Necr      #.........   38%         3    ###....
 Shroud of Golubria       Chrm/Tloc      #.........   22%         2    ##.....
 Song of Slaying          Chrm           ##......     12%         2    ##.....
 Spectral Weapon          Hex/Chrm       #.......     38%         3    ###....


Dungeon Overview and Level Annotations

Branches:
Dungeon (2/15)

Altars:
Trog


Innate Abilities, Weirdness & Mutations

You have extremely sharp teeth.
Your natural rate of healing is unusually fast.
When hurt, damage is shared between your health and your magic reserves.
Your bite disrupts and absorbs the magic of your enemies.
Potions cannot restore your health.
You are immune to rotting.


Message History

You feel sick.
Things that are here:
a quarterstaff of chaos; a cloak; the gnoll corpse of Crazy Yiuf It was a potion of ambrosia.
You are confused.
Your system rejects the healing.
You feel invigorated.
* * * LOW HITPOINT WARNING * * *
You feel sick.
Okay, then.
* * * LOW HITPOINT WARNING * * *
You feel sick.
* * * LOW HITPOINT WARNING * * *
You feel sick.
* * * LOW HITPOINT WARNING * * *
You feel sick.
It was a potion of berserk rage.
A red film seems to cover your vision as you go berserk!
You feel yourself moving faster!
You feel mighty!
You feel less invigorated.
You feel less confused.
You die...

.........#
......#######
+#..........#
.#.........##
...........#
##.........#
#####
####......#
#)..#
#......#
#...#
######.#
#.@.# #.#
##'## #.#
♣.♣♣ #.# ♣♣.♣
#.# ♣.♣♣ #.#
♣♣.♣ #.#
♣♣.♣♣ #.#
♣♣.P.♣ #.#
♣....♣


There were no monsters in sight!

Vanquished Creatures
  Crazy Yiuf (D:2)
  Jessica (D:2)
  4 gnolls
  4 adders
  A worm (D:2)
  A dart slug (D:1)
  2 leopard geckos (D:1)
  4 bats
  A giant cockroach (D:1)
  8 goblins
  6 hobgoblins
  2 ball pythons (D:2)
  2 frilled lizards (D:2)
  7 rats (D:2)
44 creatures vanquished.

Notes
Turn   | Place    | Note
-------+----------+-------------------------------------------
     0 | D:1      | VLARC the Vine Stalker Skald began the quest for the Orb.
     0 | D:1      | Reached XP level 1. HP: 11/11 MP: 4/4
    74 | D:1      | Reached XP level 2. HP: 10/15 MP: 6/6
   292 | D:1      | Reached XP level 3. HP: 2/18 MP: 3/7
   758 | D:2      | Found a bloodstained altar of Trog.
   796 | D:2      | Noticed Jessica
   804 | D:2      | Killed Jessica
   804 | D:2      | Gained mutation: Your natural rate of healing is unusually fast. [Vine Stalker growth]
   804 | D:2      | Reached XP level 4. HP: 18/23 MP: 7/9
  1041 | D:2      | Reached XP level 5. HP: 26/27 MP: 8/10
  1305 | D:2      | Found a runed door.
  1524 | D:2      | Noticed Crazy Yiuf
  1531 | D:2      | Killed Crazy Yiuf
  1536 | D:2      | HP: 1/28 [poisoned by Crazy Yiuf]
  1537 | D:2      | Succumbed to Crazy Yiuf's poison

Vault maps used:
D:1:      lightli_arrival_noodles
D:2:      bloody_trog, uniq_crazy_yiuf_cottage, uniq_jessica

Skill      XL: |  1  2  3  4 |
---------------+-------------+-----
Long Blades    | 2 3 |  3.7
Fighting       | 2 |  2.9
Spellcasting   | 3 |  3.3
Armour         | |  0.7
Dodging        | |  1.5
Charms         | |  3.0

Action                   |  1- 3 |  4- 6 || total
-------------------------+-------+-------++-------
Melee: Falchion          |    62 |    90 ||   152
       Bite              |    15 |    21 ||    36
  Use: Potion            |       |     2 ||     2
  Eat: Chunk             |       |     2 ||     2
Armor: Leather armour    |    24 |    16 ||    40
Dodge: Dodged            |    54 |    61 ||   115
       Rpst.: Falchion   |    19 |    16 ||    35

Table legend:
 A = Spawn XP
 B = Non-spawn XP
 C = Spawn XP percentage of total XP
 D = Spawn monster count
 E = Non-spawn monster count
 F = Spawn count percentage of total count
 G = Total turns spent on level
                    A         B        C        D         E        F      G
               +---------+---------+-------+---------+---------+-------+---------
         Total |       0 |     246 |   0.0 |       0 |      44 |   0.0 |  1537
               +---------+---------+-------+---------+---------+-------+---------
           D:1 |       0 |      71 |   0.0 |       0 |      17 |   0.0 |   867
           D:2 |       0 |     175 |   0.0 |       0 |      27 |   0.0 |   670
               +---------+---------+-------+---------+---------+-------+---------
